 Dungeon Crawl Stone Soup version 0.27-a0-1140-g099f9bb0e8 (webtiles) character file.

Game seed: 3526476458052425139

4262 kiba the Cleaver (level 10, 0/84 HPs)
             Began as a Minotaur Fighter on May 9, 2021.
             Slain by an unseen horror (1 damage)
             ... on level 8 of the Dungeon.
             The game lasted 01:06:54 (6401 turns).

kiba the Cleaver (Minotaur Fighter)                 Turns: 6401, Time: 01:06:55

Health: 0/84       AC: 19    Str: 23    XL:     10   Next: 10%
Magic:  0/27       EV:  9    Int:  6    God:
Gold:   194        SH: 11    Dex: 10    Spells: 9/9 levels left

rFire    . . .     SeeInvis .   G - +3 hand axe (flame)
rCold    . . .     Faith    .   c - +0 kite shield
rNeg     + . .     Spirit   +   E - +4 scale mail {rN+}
rPois    .         Reflect  .   (helmet restricted)
rElec    .         Harm     .   b - +2 cloak
rCorr    .         Rampage  .   I - +1 pair of gloves
Will     .....                  M - +0 pair of boots
Stlth    ..........             p - amulet of guardian spirit
HPRegen  0.24/turn              q - ring of magical power
MPRegen  0.20/turn              r - ring of magical power

@: no status effects
A: horns 2, retaliatory headbutt
a: no special abilities


You were on level 8 of the Dungeon.
You visited 1 branch of the dungeon, and saw 8 of its levels.

You collected 194 gold pieces.

Inventory:

Hand Weapons
 G - a +3 hand axe of flaming (weapon)
 H - a +1 short sword of electrocution
Missiles
 f - a curare-tipped dart
 l - 34 bolts
 u - 66 arrows
 w - 44 stones (quivered)
Armour
 b - a +2 cloak (worn)
 c - a +0 kite shield (worn)
 E - a +4 scale mail of positive energy (worn)
 I - a +1 pair of gloves (worn)
 M - a +0 pair of boots (worn)
Magical Staves
 e - a staff of poison
Jewellery
 a - a ring of positive energy
 p - an amulet of guardian spirit (around neck)
 q - a ring of magical power (left hand)
 r - a ring of magical power (right hand)
Wands
 B - a wand of mindburst (12)
 J - a wand of flame (48)
Scrolls
 j - a scroll of enchant weapon
 k - 3 scrolls of brand weapon
 s - 3 scrolls of identify
 t - a scroll of magic mapping {unknown}
 v - a scroll of amnesia {unknown}
 y - a scroll of torment {unknown}
 K - a scroll of teleportation
 L - a scroll of fog
Potions
 d - 4 potions of might
 g - a potion of brilliance {unknown}
 h - 3 potions of curing {unknown}
 i - a potion of attraction {unknown}
 o - a potion of mutation {unknown}
 x - 2 potions of heal wounds {unknown}
 z - a potion of magic {unknown}
 A - 2 potions of resistance {unknown}
 F - a potion of lignification {unknown}


   Skills:
 + Level 6.7 Fighting
 + Level 10.3 Axes
 + Level 5.7 Throwing
 + Level 8.5 Armour
 + Level 3.2 Dodging
 + Level 1.0 Stealth
 + Level 7.9 Shields


You had 9 spell levels left.
You didn't know any spells.
Your spell library contained the following spells:

 Spells                   Type           Power      Damage    Failure   Level
 Bolt of Magma            Conj/Fire/Erth 0%         4d4       100%        5
 Iskenderun's Battlesphe  Conj           0%         2d6       100%        5
 Iron Shot                Conj/Erth      0%         9d1       100%        6
 Orb of Destruction       Conj           0%         N/A       100%        7
 Spellforged Servitor     Conj/Summ      0%         N/A       100%        7


Dungeon Overview and Level Annotations

Branches:
Dungeon (8/15)
 Temple: D:4-7         Lair: D:8-11

Altars:
Ashenzari
Cheibriados
Elyvilon
Fedhas
Makhleb
Qazlal
Sif Muna
Xom
Yredelemnul
The Shining One

Annotations:
D:8 Harold


Innate Abilities, Weirdness & Mutations

You have a pair of horns on your head.
You reflexively headbutt those who attack you in melee.


Message History

You hit something. You burn something. Something hits you but does no damage.
The orc warrior closely misses you.
You slash the orc warrior! You burn the orc warrior.
Your headbutt misses the orc warrior.
The orc warrior is severely wounded.
You hit something. You burn something. Something hits you.
* * * LOW HITPOINT WARNING * * *
You block the orc warrior's attack.
You hit the orc warrior but do no damage.
Your headbutt misses the orc warrior.
The orc warrior is severely wounded.
You block something's attack. You block the orc warrior's attack.
You closely miss the orc warrior.
The orc warrior is severely wounded.
Something hits you but does no damage.
The orc warrior hits you but does no damage.
You hit the orc warrior. You burn the orc warrior.
You kill the orc warrior!
You closely miss something. Something hits you.
* * * LOW HITPOINT WARNING * * *
Harold the Weathered comes into view.
He is wielding a +0 long sword and carrying a wand of charming (8).
Harold shouts!
You block something's attack.
Harold throws a throwing net.
The throwing net hits you.
You become entangled in the net!
Something hits you.
* * * LOW HITPOINT WARNING * * *
Things that are here:
a throwing net; a +0 glaive; a +0 plate armour You cannot throw anything while held in a net.
Unknown command.
You cannot throw anything while held in a net.
You cannot throw anything while held in a net.
You struggle against the net.
Something hits you but does no damage.
You struggle against the net.
Something hits you but does no damage.
You struggle against the net.
Something hits you but does no damage. Something hits you.
* * * LOW HITPOINT WARNING * * *
Harold fires a harpoon shot at you.
The harpoon shot hits you but does no damage.
You rip the net and break free!
Something hits you.
You die...

.. ## ##. ... (@
#.###.## #
####+#+#...(..
..
#..........(##.#
#...(.....(....#
#........@..#
#.......))..#
#......)))..#
#!.......)..#
#...........#
#...^.......#
#...........#
##+#+#+######


You could see Harold.

Vanquished Creatures
  Pikel (D:5)
  Grinder (D:3)
  Sigmund (D:3)
  5 yaks (D:6)
  A water moccasin (D:6)
  2 orc warriors (D:8)
  2 ice beasts
  A black bear (D:5)
  2 ogres
  4 necrophages
  A hornet zombie (D:6)
  A centaur (D:8)
  A kobold brigand (D:7)
  A bullfrog (D:6)
  4 scorpions
  2 water moccasin skeletons
  A wyvern skeleton (D:6)
  5 howler monkeys
  2 hounds (D:5)
  3 gnoll shamans
  Crazy Yiuf (D:6)
  A bullfrog skeleton (D:6)
  2 orc priests
  3 iguanas
  Terence (D:3)
  2 orc wizards (D:5)
  A hound skeleton (D:5)
  20 gnolls
  5 adders
  2 adder skeletons (D:4)
  3 worms
  A dart slug (D:1)
  20 orcs
  9 ball pythons
  4 bats
  5 endoplasms
  5 giant cockroaches
  5 goblins
  4 hobgoblins
  13 jackals
  4 quokkas
  4 frilled lizards (D:2)
  10 kobolds
  7 rats
173 creatures vanquished.

Notes
Turn   | Place    | Note
-------+----------+-------------------------------------------
     0 | D:1      | kiba the Minotaur Fighter began the quest for the Orb.
     0 | D:1      | Reached XP level 1. HP: 19/19 MP: 0/0
    26 | D:1      | Reached XP level 2. HP: 22/27 MP: 1/1
    48 | D:1      | Found a faded altar of an unknown god.
   424 | D:1      | Reached XP level 3. HP: 27/33 MP: 2/2
   701 | D:1      | Reached skill level 3 in Axes
  1156 | D:2      | Reached XP level 4. HP: 32/40 MP: 3/3
  1937 | D:3      | Noticed Terence
  1942 | D:3      | Killed Terence
  1943 | D:3      | Reached skill level 1 in Throwing
  2010 | D:3      | Reached skill level 4 in Axes
  2066 | D:3      | Reached XP level 5. HP: 37/46 MP: 4/4
  2219 | D:3      | Noticed Sigmund
  2263 | D:3      | HP: 2/46 [something (3)]
  2272 | D:3      | HP: 2/46 [Sigmund/+0 scythe (2)]
  2284 | D:3      | Killed Sigmund
  2285 | D:3      | Reached skill level 5 in Armour
  2285 | D:3      | Reached skill level 1 in Dodging
  2285 | D:3      | Reached XP level 6. HP: 4/53 MP: 4/5
  2525 | D:3      | Noticed Grinder
  2548 | D:3      | Killed Grinder
  2549 | D:3      | Reached skill level 5 in Axes
  2549 | D:3      | Reached skill level 5 in Shields
  2549 | D:3      | Reached XP level 7. HP: 35/60 MP: 6/6
  3165 | D:4      | HP: 1/60 [gnoll/+0 whip (3)]
  3743 | D:5      | Entered Level 5 of the Dungeon
  3743 | D:5      | Found a basalt altar of Yredelemnul.
  3743 | D:5      | Noticed a profane servitor
  3762 | D:5      | Reached skill level 6 in Axes
  3765 | D:5      | Found a glowing golden altar of the Shining One.
  3767 | D:5      | Noticed an angel
  3820 | D:5      | Reached skill level 5 in Fighting
  3978 | D:5      | Noticed Pikel
  4001 | D:5      | Killed Pikel
  4002 | D:5      | Reached skill level 7 in Axes
  4002 | D:5      | Reached XP level 8. HP: 58/69 MP: 7/7
  4081 | D:5      | Reached skill level 8 in Axes
  4231 | D:5      | Found a shimmering blue altar of Sif Muna.
  4300 | D:5      | Reached XP level 9. HP: 71/75 MP: 8/8
  4550 | D:5      | Found a burning altar of Makhleb.
  4550 | D:5      | Found a broken altar of Ashenzari.
  4550 | D:5      | Found a blossoming altar of Fedhas.
  4550 | D:5      | Found a white marble altar of Elyvilon.
  4569 | D:5      | Found a stormy altar of Qazlal.
  4580 | D:5      | Found a snail-covered altar of Cheibriados.
  4885 | D:6      | Reached skill level 9 in Axes
  5626 | D:6      | Found a shimmering altar of Xom.
  5691 | D:6      | Reached skill level 5 in Throwing
  5699 | D:6      | Reached skill level 1 in Stealth
  5855 | D:6      | Found a runed translucent door.
  5856 | D:6      | Noticed Crazy Yiuf
  5863 | D:6      | Killed Crazy Yiuf
  5931 | D:7      | Reached skill level 10 in Axes
  6157 | D:7      | Reached XP level 10. HP: 82/84 MP: 9/9
  6396 | D:8      | HP: 3/84 [something (4)]
  6396 | D:8      | Noticed Harold
  6397 | D:8      | HP: 1/84 [something (2)]
  6401 | D:8      | Slain by an unseen horror

Illustrated notes

Levels and vault maps discovered:
D:1:      amcnicky_arrival_feature_with_door, layout_basic,
          hellmonk_ecumenical_altar_heavens_door
D:2:      layout_rooms, grunt_decor_resistance, minmay_door_square
D:3:      layout_basic, uniq_sigmund, uniq_grinder, uniq_terence
D:4:      layout_basic
D:5:      layout_loops_corners, grunt_temple_overflow_holy_war,
          nicolae_overflow_crystal_walls, minmay_overflow_temple_hex, uniq_pikel
D:6:      layout_cave_pods, kennysheep_mini_moat, uniq_crazy_yiuf_cottage
D:7:      layout_basic, minmay_temple_entry_enclosed_plants
D:8:      layout_basic, lemuel_doored_altar, zin_academy, uniq_harold

Skill      XL: |  1  2  3  4  5  6  7  8  9 |
---------------+----------------------------+-----
Shields        | 4 5 6 7 |  7.9
Armour         | 4 5 7 8 |  8.5
Fighting       | 4 5 6 |  6.7
Axes           | 3 4 5 7 8 10 | 10.3
Throwing       | 1 2 3 5 |  5.7
Dodging        | 1 2 3 |  3.2
Stealth        | 1 |  1.0

Action                   |  1- 3 |  4- 6 |  7- 9 | 10-12 || total
-------------------------+-------+-------+-------+-------++-------
Melee: War axe           |    77 |    91 |   155 |       ||   323
       Headbutt          |     8 |     8 |    59 |     4 ||    79
       Hand axe          |       |       |   144 |    32 ||   176
Throw: Stone             |    24 |    50 |   224 |     9 ||   307
       Throwing net      |       |     1 |       |       ||     1
  Use: Scroll            |     1 |       |     3 |       ||     4
Armor: Scale mail        |    62 |    21 |   109 |    48 ||   240
       Chain mail        |       |    36 |    74 |       ||   110
Dodge: Dodged            |    39 |    25 |    84 |    17 ||   165
Block: Kite shield       |    62 |    45 |   187 |    23 ||   317

Table legend: (Time is in decaauts)
 A = Elapsed time spent in this place.
 B = Non-inter-level travel time spent in this place.
 C = Inter-level travel time spent in this place.
 D = Time resting spent in this place.
 E = Time spent auto-exploring this place.
 F = Levels seen in this place.
 G = Mean time per level.
                   A        B        C        D        E       F      G
               +--------+--------+--------+--------+--------+-----+--------+
         Total |   6590 |   6035 |    555 |      0 |      0 |   8 |  823.8 |
       Dungeon |   6590 |   6035 |    555 |      0 |      0 |   8 |  823.8 |
               +--------+--------+--------+--------+--------+-----+--------+

Top non-repeatable levels by time:
     D:3: 1269 daAuts
     D:1: 1185 daAuts
     D:5: 1118 daAuts
     D:6: 1062 daAuts
     D:4: 756 daAuts
     D:2: 688 daAuts
     D:7: 466 daAuts
     D:8: 43 daAuts
